SNL (28 & UNDER)
MEMPHIS BLUES @ WICHITA WRANGLERS
07/14/2025
 
TOP OF THE 1ST
Memphis Blues batting - Pitching for Wichita Wranglers : RHP George Lockhart
Pitching: RHP George Lockhart
Batting: RHB Javier Ramírez 0-0: Swinging Strike
0-1: Foul Ball, location: 2F
0-2: Ball
1-2: Ball
2-2: Foul Ball, location: 2F
2-2: Ball
3-2: SINGLE (Groundball, 23) (infield hit)
Batting: RHB Artie Green 0-0: Ball
1-0: Fly out, F8 (Line Drive, 8RM)
Batting: RHB Irwin Duncan 0-0: SINGLE (Groundball, 56D)
Javier Ramírez to second
Batting: RHB Glenn Johnson 0-0: Called Strike
0-1: Ball
1-1: Ball
2-1: Foul Ball, location: 2F
2-2: Foul Ball, location: 2F
2-2: Strikes out swinging
Batting: RHB Jorge Domínguez 0-0: Ball
1-0: Swinging Strike
1-1: Ball
2-1: Foul Ball, location: 2F
2-2: Strikes out looking
Top of the 1st over - 0 run(s), 2 hit(s), 0 error(s), 2 left on base; Memphis 0 - Wichita 0
BOTTOM OF THE 1ST
Wichita Wranglers batting - Pitching for Memphis Blues : RHP Larry West
Pitching: RHP Larry West
Batting: RHB Werner Watkins 0-0: Ball
1-0: Ball
2-0: Ball
3-0: Base on Balls
Batting: RHB Ed Watkins 0-0: Called Strike
0-1: Ball
1-1: Ball
2-1: Foul Ball, location: 2F
2-2: Ground out 3-1 (Groundball, 34)
Werner Watkins to second
Batting: RHB Bob Hall 0-0: Ball
1-0: Ball
Werner Watkins is caught stealing 3rd base
2-0: Swinging Strike
2-1: Called Strike
2-2: Ball
3-2: Foul Ball, location: 2F
3-2: Base on Balls
Batting: RHB Don Thomas 0-0: SINGLE (Line Drive, 5D)
Bob Hall to second
Batting: RHB Desi Thompson 0-0: Ball
1-0: Called Strike
1-1: SINGLE (Groundball, 56D)
Bob Hall to third
Don Thomas to second
Runner from 3rd tries for Home, SAFE, no throw or cutoff
Batting: RHB James Stevens 0-0: Foul Ball, location: 2F
0-1: Ball
1-1: Ball
2-1: Foul Ball, location: 2F
2-2: Ball
3-2: Foul Ball, location: 2F
3-2: Strikes out looking
Bottom of the 1st over - 1 run(s), 2 hit(s), 0 error(s), 2 left on base; Memphis 0 - Wichita 1
TOP OF THE 2ND
Memphis Blues batting - Pitching for Wichita Wranglers : RHP George Lockhart
Batting: SHB Fernando Gutiérrez 0-0: Ball
1-0: Ball
2-0: Fly out, F4 (Line Drive, 4M)
Batting: RHB Raúl Perales 0-0: Foul Ball, location: 2F
0-1: Swinging Strike
0-2: Ball
1-2: Strikes out swinging
Batting: RHB Ángel Hernández 0-0: Called Strike
0-1: Ground out 5-3 (Groundball, 5S)
Top of the 2nd over - 0 run(s), 0 hit(s), 0 error(s), 0 left on base; Memphis 0 - Wichita 1
BOTTOM OF THE 2ND
Wichita Wranglers batting - Pitching for Memphis Blues : RHP Larry West
Batting: LHB Rusty Clinton 0-0: Called Strike
0-1: Ground out 6-3 (Groundball, 6)
Batting: RHB Dave Henderson 0-0: Foul Ball, location: 2F
0-1: Foul Ball, location: 2F
0-2: Ball
1-2: Foul Ball, location: 2F
1-2: Foul Ball, location: 2F
1-2: Strikes out swinging
Batting: RHB Doug Delaney 0-0: Ball
1-0: Ball
2-0: Ball
3-0: Called Strike
3-1: Base on Balls
Batting: RHB Werner Watkins 0-0: Ball
1-0: Ball
2-0: Ball
3-0: Base on Balls
Doug Delaney to second
Batting: RHB Ed Watkins 0-0: Hit by Pitch
Doug Delaney to third
Werner Watkins to second
Batting: RHB Bob Hall 0-0: Called Strike
0-1: Ball
1-1: Called Strike
1-2: Ball
2-2: Ball
3-2: Base on Balls
Doug Delaney scores
Werner Watkins to third
Ed Watkins to second
Batting: RHB Don Thomas 0-0: GRAND SLAM HOME RUN (Flyball, 7D), Distance : 368 ft
Batting: RHB Desi Thompson 0-0: Ball
1-0: Ball
2-0: Ball
3-0: Foul Ball, location: 2F
3-1: Base on Balls
Batting: RHB James Stevens 0-0: Called Strike
0-1: Ball
1-1: Ball
2-1: Swinging Strike
2-2: Strikes out swinging
Bottom of the 2nd over - 5 run(s), 1 hit(s), 0 error(s), 1 left on base; Memphis 0 - Wichita 6
TOP OF THE 3RD
Memphis Blues batting - Pitching for Wichita Wranglers : RHP George Lockhart
Batting: LHB John Foster 0-0: Ball
1-0: Ball
2-0: Ball
3-0: Base on Balls
Batting: RHB Javier Ramírez 0-0: Ball
1-0: DOUBLE (Flyball, 89D)
John Foster to third
Batting: RHB Artie Green 0-0: Ball
1-0: Ball
2-0: Called Strike
2-1: Ball
3-1: Base on Balls
Batting: RHB Irwin Duncan 0-0: Called Strike
0-1: Ball
1-1: Fly out, F4 (Popup, 4D)
Batting: RHB Glenn Johnson 0-0: Ball
1-0: Called Strike
1-1: Called Strike
1-2: Ball
2-2: Strikes out looking
Batting: RHB Jorge Domínguez 0-0: Called Strike
0-1: Fly out, F8 (Flyball, 8LM)
Top of the 3rd over - 0 run(s), 1 hit(s), 0 error(s), 3 left on base; Memphis 0 - Wichita 6
BOTTOM OF THE 3RD
Wichita Wranglers batting - Pitching for Memphis Blues : RHP Larry West
Batting: LHB Rusty Clinton 0-0: Ball
1-0: SOLO HOME RUN (Flyball, 7LD), Distance : 341 ft
Batting: RHB Dave Henderson 0-0: Foul Ball, location: 2F
0-1: Ball
1-1: Swinging Strike
1-2: Ball
2-2: Foul Ball, location: 2F
2-2: Strikes out swinging
Batting: RHB Doug Delaney 0-0: Ball
1-0: Ball
2-0: Ball
3-0: Called Strike
3-1: Base on Balls
Batting: RHB Werner Watkins 0-0: Ball
1-0: Foul Ball, location: 2F
1-1: Ball
2-1: Fly out, F5 (Popup, 15S)
Batting: RHB Ed Watkins 0-0: Called Strike
0-1: Ball
1-1: Ball
2-1: Ball
3-1: Base on Balls
Doug Delaney to second
Batting: RHB Bob Hall 0-0: Ball
1-0: Ball
2-0: Foul Ball, location: 2F
2-1: Foul Ball, location: 2F
2-2: Foul Ball, location: 2F
2-2: Strikes out swinging
Bottom of the 3rd over - 1 run(s), 1 hit(s), 0 error(s), 2 left on base; Memphis 0 - Wichita 7
TOP OF THE 4TH
Memphis Blues batting - Pitching for Wichita Wranglers : RHP George Lockhart
Batting: SHB Fernando Gutiérrez 0-0: Foul Ball, location: 2F
0-1: Ground out 4-3 (Groundball, 4M)
Batting: RHB Raúl Perales 0-0: Foul Ball, location: 2F
0-1: Ball
1-1: Foul Ball, location: 2F
1-2: Ground out 1-3 (Groundball, 15S)
Batting: RHB Ángel Hernández 0-0: Ball
1-0: Ball
2-0: Ball
3-0: Called Strike
3-1: Base on Balls
Pitching: RHP Jon England
Batting: LHB John Foster 0-0: Ball
1-0: Ball
Ángel Hernández is caught stealing 2nd base
Top of the 4th over - 0 run(s), 0 hit(s), 0 error(s), 0 left on base; Memphis 0 - Wichita 7
BOTTOM OF THE 4TH
Wichita Wranglers batting - Pitching for Memphis Blues : RHP Larry West
Pitching: RHP Lee Donahue
Batting: RHB Don Thomas 0-0: Called Strike
0-1: Ball
1-1: Ball
2-1: Foul Ball, location: 2F
2-2: Foul Ball, location: 2F
2-2: Ground out 5-3 (Groundball, 5)
Batting: RHB Desi Thompson 0-0: Fly out, F9 (Flyball, 9M)
Batting: RHB James Stevens 0-0: Called Strike
0-1: Ball
1-1: Foul Ball, location: 2F
1-2: Ball
2-2: Strikes out swinging
Bottom of the 4th over - 0 run(s), 0 hit(s), 0 error(s), 0 left on base; Memphis 0 - Wichita 7
TOP OF THE 5TH
Memphis Blues batting - Pitching for Wichita Wranglers : RHP Jon England
Batting: LHB John Foster 0-0: Ball
1-0: Fly out, F4 (Line Drive, 4)
Batting: RHB Javier Ramírez 0-0: Ball
1-0: Foul Ball, location: 2F
1-1: Foul Ball, location: 2F
1-2: Foul Ball, location: 2F
1-2: Foul Ball, location: 2F
1-2: Ball
2-2: Ball
3-2: Foul Ball, location: 2F
3-2: Fly out, F8 (Flyball, 8LM)
Batting: RHB Artie Green 0-0: Foul Ball, location: 2F
0-1: DOUBLE (Groundball, 5L)
Pitching: LHP José Gallegos
Batting: RHB Irwin Duncan 0-0: Foul Ball, location: 2F
0-1: Called Strike
0-2: Ground out 5-3 (Groundball, 56)
Top of the 5th over - 0 run(s), 1 hit(s), 0 error(s), 1 left on base; Memphis 0 - Wichita 7
BOTTOM OF THE 5TH
Wichita Wranglers batting - Pitching for Memphis Blues : RHP Lee Donahue
Batting: LHB Rusty Clinton 0-0: Ground out 4-3 (Groundball, 4M)
Batting: RHB Dave Henderson 0-0: Called Strike
0-1: Ball
1-1: Ball
2-1: Fly out, F7 (Flyball, 78S)
Batting: RHB Doug Delaney 0-0: Ball
1-0: SINGLE (Groundball, 56D)
Batting: RHB Werner Watkins 0-0: Ball
1-0: Swinging Strike
1-1: Foul Ball, location: 2F
1-2: Ball
2-2: Ball
3-2: Fly out, F6 (Line Drive, 6)
Bottom of the 5th over - 0 run(s), 1 hit(s), 0 error(s), 1 left on base; Memphis 0 - Wichita 7
TOP OF THE 6TH
Memphis Blues batting - Pitching for Wichita Wranglers : LHP José Gallegos
Batting: RHB Glenn Johnson 0-0: Called Strike
0-1: Swinging Strike
0-2: Ground out 5-3 (Groundball, 5L)
Batting: RHB Jorge Domínguez 0-0: Ball
1-0: Ball
2-0: Called Strike
2-1: SINGLE (Line Drive, 89S)
Batting: SHB Fernando Gutiérrez 0-0: Ball
1-0: Foul Ball, location: 2F
1-1: Called Strike
1-2: Strikes out swinging
Batting: RHB Raúl Perales 0-0: Called Strike
0-1: Foul Ball, location: 2F
0-2: Ball
1-2: Strikes out swinging
Top of the 6th over - 0 run(s), 1 hit(s), 0 error(s), 1 left on base; Memphis 0 - Wichita 7
BOTTOM OF THE 6TH
Wichita Wranglers batting - Pitching for Memphis Blues : RHP Lee Donahue
Batting: RHB Ed Watkins 0-0: Foul Ball, location: 2F
0-1: SOLO HOME RUN (Line Drive, 7D), Distance : 368 ft
Batting: RHB Bob Hall 0-0: Called Strike
0-1: Fly out, F6 (Line Drive, 6)
Batting: RHB Don Thomas 0-0: Ground out 3-1 (Groundball, 34)
Batting: RHB Desi Thompson 0-0: Fly out, F9 (Popup, 4D)
Bottom of the 6th over - 1 run(s), 1 hit(s), 0 error(s), 0 left on base; Memphis 0 - Wichita 8
TOP OF THE 7TH
Memphis Blues batting - Pitching for Wichita Wranglers : LHP José Gallegos
Batting: RHB Ángel Hernández 0-0: Fly out, F6 (Line Drive, 6M)
Batting: LHB John Foster 0-0: Swinging Strike
0-1: Foul Ball, location: 2F
0-2: Strikes out looking
Batting: RHB Javier Ramírez 0-0: Ball
1-0: Called Strike
1-1: Called Strike
1-2: Strikes out swinging
Top of the 7th over - 0 run(s), 0 hit(s), 0 error(s), 0 left on base; Memphis 0 - Wichita 8
BOTTOM OF THE 7TH
Wichita Wranglers batting - Pitching for Memphis Blues : RHP Lee Donahue
Pitching: RHP Mark Bidwell
Batting: RHB James Stevens 0-0: Ball
1-0: SINGLE (Line Drive, 89M)
Batting: LHB Rusty Clinton 0-0: Ball
1-0: Bunt missed!
1-1: Sac Bunt - play at first, batter OUT! 1-4
James Stevens to second
Batting: RHB Dave Henderson 0-0: Ball
1-0: Ball
2-0: Ball
3-0: Base on Balls
Batting: RHB Doug Delaney 0-0: Ball
1-0: Ball
2-0: Called Strike
2-1: Called Strike
2-2: Foul Ball, location: 2F
2-2: Ball
3-2: Base on Balls
James Stevens to third
Dave Henderson to second
Batting: RHB Werner Watkins 0-0: Foul Ball, location: 2F
0-1: Ball
1-1: Called Strike
1-2: Foul Ball, location: 2F
1-2: Strikes out looking
Batting: RHB Ed Watkins 0-0: Called Strike
0-1: Ball
1-1: Fly out, F2 (Popup, 2RF)
Bottom of the 7th over - 0 run(s), 1 hit(s), 0 error(s), 3 left on base; Memphis 0 - Wichita 8
TOP OF THE 8TH
Memphis Blues batting - Pitching for Wichita Wranglers : LHP José Gallegos
Pitching: LHP Tommy Campbell
Now in RF: Leslie Adams
Batting: RHB Artie Green 0-0: Ball
1-0: Bunt missed!
1-1: Called Strike
1-2: Strikes out swinging
Batting: RHB Irwin Duncan 0-0: Fly out, F7 (Flyball, 7D)
Batting: RHB Glenn Johnson 0-0: Hit by Pitch
Batting: RHB Jorge Domínguez 0-0: Swinging Strike
0-1: Swinging Strike
0-2: Strikes out looking
Top of the 8th over - 0 run(s), 0 hit(s), 0 error(s), 1 left on base; Memphis 0 - Wichita 8
BOTTOM OF THE 8TH
Wichita Wranglers batting - Pitching for Memphis Blues : RHP Mark Bidwell
Batting: RHB Bob Hall 0-0: Ball
1-0: Ground out 3-1 (Groundball, 34S)
Batting: RHB Don Thomas 0-0: Called Strike
0-1: Ball
1-1: Ball
2-1: Foul Ball, location: 2F
2-2: Strikes out looking
Batting: RHB Desi Thompson 0-0: Swinging Strike
0-1: DOUBLE (Line Drive, 7LM)
Batting: RHB James Stevens 0-0: Ball
1-0: Foul Ball, location: 2F
1-1: Ball
2-1: SINGLE (Line Drive, 7S)
Desi Thompson to third
Runner from 3rd tries for Home, SAFE, no throw or cutoff
Batting: LHB Rusty Clinton 0-0: Foul Ball, location: 2F
0-1: Ball
1-1: Fly out, F7 (Popup, 7S)
Bottom of the 8th over - 1 run(s), 2 hit(s), 0 error(s), 1 left on base; Memphis 0 - Wichita 9
TOP OF THE 9TH
Memphis Blues batting - Pitching for Wichita Wranglers : LHP Tommy Campbell
Now at C: Carlos Flores
Now at SS: Felipe Lópes
Batting: SHB Fernando Gutiérrez 0-0: Ground out 6-3 (Groundball, 6)
Batting: RHB Raúl Perales 0-0: Fly out, F7 (Flyball, 78M)
Pinch Hitting: RHB Jorge Fuentes 0-0: Called Strike
0-1: Called Strike
0-2: SINGLE (Line Drive, 6M)
Batting: LHB John Foster 0-0: Called Strike
0-1: Called Strike
0-2: SINGLE (Flyball, 8RS)
Jorge Fuentes to second
Runner from 2nd tries for 3rd, SAFE, throw made to third
Batting: RHB Javier Ramírez 0-0: Ball
1-0: Ball
2-0: Ball
3-0: Called Strike
3-1: Swinging Strike
3-2: Foul Ball, location: 2F
3-2: Base on Balls
John Foster to second
Batting: RHB Artie Green 0-0: Ball
1-0: Ball
2-0: DOUBLE (Flyball, 7M)
Jorge Fuentes scores
John Foster scores
Javier Ramírez to third
Batting: RHB Irwin Duncan 0-0: Called Strike
0-1: Foul Ball, location: 2F
0-2: Strikes out swinging
Top of the 9th over - 2 run(s), 3 hit(s), 0 error(s), 2 left on base; Memphis 2 - Wichita 9
This league is powered by Out of the Park Baseball, the baseball management simulation game for PC, Mac and Linux
Tuesday, August 2nd, 2016 - OOTP Baseball 16.8 Build 38